 Dungeon Crawl Stone Soup version 0.16.1-11-g651b585 (webtiles) character file.

10238 JustSomeDude the Covert (level 11, -3/72 HPs)
             Began as an Octopode Assassin on Mar 28, 2015.
             Was a Priest of Dithmenos.
             Slain by a blink frog (10 damage)
             ... summoned by a shadow trap
             ... triggered by a yak
             ... on level 1 of the Lair of Beasts on Mar 30, 2015.
             The game lasted 01:43:20 (12502 turns).

JustSomeDude the Covert (Octopode Assassin)        Turns: 12502, Time: 01:43:20

Health: -3/72      AC:  3    Str: 16    XL:     11   Next: 59%
Magic:  22/22      EV: 23    Int: 14    God:    Dithmenos [***...]
Gold:   759        SH:  2    Dex: 16    Spells: 0 memorised, 10 levels left

rFire  + . .     SeeInvis .     w - +7 rapier "Cliemo" {pain, rPois}
rCold  x . .     Clarity  +     (no shield)
rNeg   . . .     SustAb   +     (helmet restricted)
rPois  +         Gourm    .     V - amulet of clarity
rElec  .         Spirit   .     q - +4 ring of evasion
rCorr  .         Warding  .     v - ring of fire
rMut   .         Stasis   .     u - ring of magical power
MR     .....                    R - ring of sustain abilities
Stlth  ++++++++++               (no ring)
                                (no ring)
                                (no ring)
                                (no ring)

@: mighty, wreathed by umbra, not resistant to hostile enchantments, uncannily
stealthy
A: almost no armour, amphibious, 8 rings, constrict 8, large bone plates 1,
camouflage 1, spit poison 1, gelatinous body 1, MP-powered wands 1
a: Spit Poison, Shadow Step, Renounce Religion


You were on level 1 of the Lair of Beasts.
You worshipped Dithmenos.
Dithmenos was most pleased with you.
You were not hungry.

You visited 3 branches of the dungeon, and saw 13 of its levels.

You collected 1331 gold pieces.
You spent 42 gold pieces at shops.
You paid 530 gold pieces to Gozag.

Inventory:

Hand weapons
 a - a +2 dagger {The Backstabber}
 b - a +0 blowgun
 i - a +0 rapier
 l - a +1 rapier of venom
 t - a +2 flail of protection
 w - the +7 rapier "Cliemo" (weapon) {pain, rPois}
   (You found it on level 7 of the Dungeon)

   In the hands of one skilled in necromantic magic, it inflicts extra damage on
   living creatures.
   It protects you from poison.
 J - a +3 dagger of venom
 K - a +0 shortbow
 X - a +1 rapier of venom
Missiles
 e - 31 poisoned needles
 C - 7 javelins (quivered)
 M - 3 arrows of dispersal
 N - 2 needles of confusion
 T - 2 tomahawks
Armour
 D - the +2 leather armour "Otwaon" {rPois MR+ rCorr Int-3, unknown}
   (You found it on level 6 of the Dungeon)

   It affects your intelligence (-3).
   It protects you from poison.
   It affects your resistance to hostile enchantments.
   It protects you from acid and corrosion.
Jewellery
 p - an uncursed amulet of rage
 q - a +4 ring of evasion (left tentacle)
 u - a ring of magical power (on tentacle)
 v - a ring of fire (right tentacle)
 R - a ring of sustain abilities (on tentacle)
 V - an amulet of clarity (around mantle)
Magical devices
 c - a wand of confusion (3)
 n - a wand of hasting (4)
 x - a wand of frost (21)
 A - a wand of invisibility (0)
 G - a wand of magic darts (19)
 I - a wand of paralysis (17)
 L - a wand of frost (29)
 P - a wand of lightning (7)
 S - a wand of flame (22)
Scrolls
 h - 5 scrolls of identify
 k - 3 scrolls of amnesia
 y - 3 scrolls of remove curse
 H - a scroll of acquirement
 Y - 2 scrolls of fog
Potions
 j - a potion of lignification
 o - a potion of brilliance
 s - 2 potions of restore abilities
 z - a potion of flight
Miscellaneous
 Q - a lantern of shadows
Comestibles
 d - 6 meat rations
 g - 5 bread rations
 m - 3 beef jerkies
 E - 2 slices of pizza
 F - 11 fruits


   Skills:
 + Level 5.3 Fighting
 * Level 8.4 Short Blades
 + Level 0.4 Bows
 + Level 5.7 Throwing
 * Level 10.6 Dodging
 + Level 13.7 Stealth
 + Level 1.2 Evocations


You had 10 spell levels left.
You didn't know any spells.

Dungeon Overview and Level Annotations

Branches:
Dungeon (11/15)            Temple (1/1) D:5            Lair (1/8) D:11
    Orc: D:9-12

Altars:
Ashenzari
Cheibriados
Dithmenos
Elyvilon
Fedhas
Gozag
Kikubaaqudgha
Makhleb
Nemelex Xobeh
Okawaru
Qazlal
Ru
Sif Muna
Trog
Vehumet
Xom
Yredelemnul
Zin
The Shining One

Shops:
D:6 [[(%   D:9 [

Portals:
Trove: D:10 (give wand of hasting (9))

Annotations:
D:9 exclusion: statue


Innate Abilities, Weirdness & Mutations

You cannot wear most types of armour.
You are amphibious.
You can wear up to eight rings at the same time.
You can use your tentacles to constrict many enemies at once.
Your skin changes colour to match your surroundings (Stealth).
Your rubbery body absorbs attacks (AC +1).
You are partially covered in large bone plates (AC +2, SH +2).
You can spit poison.
You expend magic power (3 MP) to slightly strengthen your wands.


Message History

You closely miss the blink frog.
The blink frog croaks.
Your grab passes through the blink frog as it momentarily phases out.
You squeeze the blink frog!
The blink frog is severely wounded.
The blink frog barely misses you.
You miss the blink frog. You grab the blink frog.
The blink frog is severely wounded.
You constrict the blink frog.
The blink frog blinks!
You block the blink frog's attack.
The blink frog momentarily phases out as your attack passes through it.
You grab the blink frog. You constrict the blink frog.
You constrict the blink frog. The blink frog barely misses you.
The blink frog hits you!
* * * LOW HITPOINT WARNING * * *
The blink frog blinks free!
Drink which item? (? for menu, Esc to quit)
You feel very mighty all of a sudden.
You constrict the blink frog. The blink frog hits you!
You die...

.rF#.......†.#..... ##.
.FF#...§(....#........# #.
...#.........#........# #.
...#..................# #.
...#.........#........# #.
...#.........#......F.# #.
...#P..###.###........# #.
#........§.....F......## #.
#F.............§@......#########.
.........F.......................
##########.######..##..#######.#P
### ######## ####


You could see 3 blink frogs.

Vanquished Creatures
  Urug (D:11)
  A hill giant (D:5)
  A manticore (D:11)
  A centaur skeleton (D:9)
  Grinder (D:6)
  A troll (D:9)
  3 deep elf magi
  7 yaks
  Eustachio (D:8)
  2 hungry ghosts
  2 hippogriffs
  2 deep elf fighters (D:8)
  2 steam dragons
  3 water moccasins (Lair:1)
  Edmund (D:4)
  A porcupine (Lair:1)
  5 phantoms
  3 orc warriors
  3 sky beasts
  2 ice beasts
  8 centaurs
  A wasp (D:10)
  A necrophage (D:6)
  A black bear (D:9)
  A boring beetle (D:11)
  2 ogres
  A big kobold (D:8)
  A crocodile (Lair:1)
  A gnoll sergeant (D:8)
  Blork the orc (D:7)
  6 giant frogs
  A scorpion (D:9)
  4 killer bees (D:9)
  A wight (D:8)
  4 crimson imps
  2 jellies
  2 goliath beetles
  A centaur zombie (D:10)
  7 orc priests
  3 giant frog skeletons
  A quasit (D:8)
  4 hounds
  6 orc wizards
  6 worker ants
  8 iguanas
  A killer bee zombie (D:9)
  A hound skeleton (D:8)
  3 worker ant zombies
  5 gnolls
  16 adders
  3 giant mites
  2 shadow imps
  4 worms
  2 adder skeletons
  An adder zombie (D:1)
  An ooze (D:2)
  29 orcs
  2 bat zombies
  9 giant cockroaches
  18 goblins
  12 hobgoblins
  8 kobolds
  4 quokkas
  23 bats
  5 giant geckos
  6 giant newts
  2 gnoll zombies (D:2)
  A jackal zombie (D:1)
  15 rats
  4 ballistomycetes (D:7)
294 creatures vanquished.

Vanquished Creatures (others)
  A hound skeleton (D:7)
  A goblin (D:7)
  2 giant spores (D:7)
  A ballistomycete (D:7)
5 creatures vanquished.

Grand Total: 299 creatures vanquished

Notes
Turn   | Place    | Note
--------------------------------------------------------------
     0 | D:1      | JustSomeDude, the Octopode Assassin, began the quest for the Orb.
     0 | D:1      | Reached XP level 1. HP: 14/14 MP: 1/1
    79 | D:1      | Reached XP level 2. HP: 12/19 MP: 2/2
   404 | D:1      | Reached skill level 6 in Stealth
   674 | D:1      | Reached XP level 3. HP: 22/24 MP: 3/3
  1186 | D:2      | Reached XP level 4. HP: 14/29 MP: 4/4
  1325 | D:2      | Reached skill level 7 in Stealth
  1602 | D:2      | Reached XP level 5. HP: 34/34 MP: 5/5
  2031 | D:2      | Found an opulent altar of Gozag.
  2048 | D:2      | Became a worshipper of Gozag Ym Sagoz the Greedy
  2130 | D:2      | Found a basalt altar of Yredelemnul.
  3037 | D:3      | Reached skill level 8 in Stealth
  3044 | D:3      | Reached XP level 6. HP: 8/40 MP: 6/6
  3431 | D:4      | Found a burning altar of Makhleb.
  3431 | D:4      | Found a sacrificial altar of Ru.
  3785 | D:4      | Reached skill level 9 in Stealth
  3785 | D:4      | Reached XP level 7. HP: 43/45 MP: 7/7
  3867 | D:4      | Gained mutation: You can spit poison. [potion of mutation]
  3867 | D:4      | Gained mutation: You expend magic power (3 MP) to slightly strengthen your wands. [potion of mutation]
  3867 | D:4      | Gained mutation: You are partially covered in large bone plates (AC +2, SH +2). [potion of mutation]
  4329 | D:4      | Noticed Edmund
  4348 | D:4      | Killed Edmund
  4488 | D:5      | Entered Level 5 of the Dungeon
  4489 | D:5      | Found a staircase to the Ecumenical Temple.
  4546 | Temple   | Entered the Ecumenical Temple
  4791 | D:5      | Noticed a steam dragon
  4800 | D:5      | Killed a steam dragon
  4800 | D:5      | Reached skill level 10 in Stealth
  4800 | D:5      | Reached XP level 8. HP: 46/52 MP: 8/8
  4839 | D:5      | Noticed a hill giant
  4892 | D:5      | Killed a hill giant
  5425 | D:6      | You fall through a shaft!
  5818 | D:7      | Reached XP level 9. HP: 52/57 MP: 5/9
  6081 | D:7      | Got a warped rapier
  6098 | D:6      | Found Qeiseep's Antique Weapon Shoppe.
  6212 | D:6      | Reached skill level 5 in Short Blades
  6330 | D:6      | Noticed Grinder
  6342 | D:6      | Killed Grinder
  6342 | D:6      | Reached skill level 11 in Stealth
  6554 | D:6      | Found Mesku's Antique Armour Boutique.
  6564 | D:6      | Found Byfotamy's Antique Armour Boutique.
  6600 | D:6      | Got a spiked leather armour
  6700 | D:6      | Found Geaweti's Food Shoppe.
  6705 | D:6      | Bought a slice of pizza for 18 gold pieces
  6705 | D:6      | Bought a royal jelly for 24 gold pieces
  6772 | D:7      | Noticed Blork the orc
  6782 | D:7      | Identified the +7 rapier "Cliemo" {pain, rPois} (You found it on level 7 of the Dungeon)
  6785 | D:7      | Killed Blork the orc
  7254 | D:8      | Found a shadowy altar of Dithmenos.
  7330 | D:8      | Fell from the grace of Gozag
  7330 | D:8      | Became a worshipper of Dithmenos the Shadowed
  7451 | D:8      | Noticed Eustachio
  7748 | D:8      | Killed Eustachio
  7748 | D:8      | Reached skill level 12 in Stealth
  7748 | D:8      | Reached XP level 10. HP: 63/63 MP: 10/10
  7933 | D:8      | Found a snail-covered altar of Cheibriados.
  7936 | D:8      | Found an iron altar of Okawaru.
  7939 | D:8      | Found a glowing silver altar of Zin.
  8594 | D:8      | Reached skill level 1 in Evocations
  9437 | D:8      | Upgraded the game from 0.16.1-4-g8e1b745 to 0.16.1-5-gaa23807
  9439 | D:9      | Found Qiwk's Armour Boutique.
  9547 | D:9      | Reached skill level 5 in Throwing
  9812 | D:9      | Acquired Dithmenos' first power
  9837 | D:9      | Found a radiant altar of Vehumet.
  9840 | D:9      | Upgraded the game from 0.16.1-5-gaa23807 to 0.16.1-7-g2c6721e
 10011 | D:9      | Was forgiven by Gozag
 10075 | D:9      | Reached XP level 11. HP: 17/70 MP: 13/13
 10434 | D:9      | Reached skill level 10 in Dodging
 10620 | D:9      | Upgraded the game from 0.16.1-7-g2c6721e to 0.16.1-11-g651b585
 10624 | D:10     | Entered Level 10 of the Dungeon
 10652 | D:10     | Reached skill level 13 in Stealth
 10930 | D:10     | Found a portal to a secret trove of treasure.
 11070 | D:10     | Acquired Dithmenos' second power
 11278 | D:10     | Reached skill level 5 in Fighting
 11456 | D:11     | Noticed Urug
 11459 | D:11     | Killed Urug
 11476 | D:11     | Noticed a hill giant
 11666 | D:11     | Noticed a hill giant
 11796 | D:11     | Identified 2 scrolls of acquirement
 12031 | D:11     | Found a staircase to the Lair.
 12049 | Lair:1   | Entered Level 1 of the Lair of Beasts
 12113 | Lair:1   | Found a glowing silver altar of Zin.
 12476 | Lair:1   | Noticed a six-headed hydra
 12502 | Lair:1   | Slain by a blink frog

Action                   |  1- 3 |  4- 6 |  7- 9 | 10-12 || total
-------------------------+-------+-------+-------+-------++-------
Melee: Dagger            |    65 |    96 |   245 |       ||   406
       Blowgun           |       |     2 |       |       ||     2
       Rapier            |       |       |    72 |   343 ||   415
 Fire: Blowgun           |     4 |    29 |    48 |    39 ||   120
       Shortbow          |       |       |       |     5 ||     5
Throw: Javelin           |       |       |       |     3 ||     3
Invok: Potion Petition   |       |     1 |     1 |       ||     2
 Abil: Spit Poison       |       |       |     3 |       ||     3
Evoke: Wand              |       |       |     3 |     5 ||     8
  Use: Scroll            |       |     1 |     9 |    12 ||    22
       Potion            |       |       |     9 |     8 ||    17
 Stab: Sleeping          |    13 |    21 |    22 |    24 ||    80
       Distracted        |     1 |       |     4 |       ||     5
       Invisible         |       |       |     2 |     1 ||     3
       Confused          |       |       |       |     1 ||     1
       Fleeing           |       |       |       |     1 ||     1
  Eat: Chunk             |     1 |     2 |       |     2 ||     5
       Bread ration      |       |     1 |     2 |       ||     3
       Meat ration       |       |     1 |     1 |       ||     2
       Royal jelly       |       |       |     1 |       ||     1
       Fruit             |       |       |       |    13 ||    13
